 Dungeon Crawl Stone Soup version 0.28.0-45-g0d030f2227 (webtiles) character file.

Game seed: 14867156552252635524

102 nickcage the Cudgeller (level 4, -6/40 HPs)
             Began as a Minotaur Abyssal Knight on Apr 11, 2022.
             Was a Believer of Lugonu.
             Mangled by an ogre
             ... wielding a +0 giant club
              (16 damage)
             ... on level 4 of the Dungeon.
             The game lasted 00:07:26 (2836 turns).

nickcage the Cudgeller (Minotaur Abyssal Knight)    Turns: 2836, Time: 00:07:27

Health: -6/40      AC:  9    Str: 19    XL:     4   Next: 49%
Magic:  4/4        EV:  7    Int:  7    God:    Lugonu [**....]
Gold:   178        SH:  0    Dex: 11    Spells: 3/3 levels left

rFire   . . .      SeeInvis .   a - +1 mace
rCold   . . .      Faith    .   (no shield)
rNeg    . . .      Spirit   .   q - +0 chain mail
rPois   .          Reflect  .   j - +1 hat
rElec   .          Harm     .   (no cloak)
rCorr   +          Rampage  .   (no gloves)
Will    .....                   (no boots)
Stlth   ..........              (no amulet)
HPRegen 0.13/turn               f - ring of resist corrosion
MPRegen 0.09/turn               i - +4 ring of slaying

@: hasted, very quick
A: horns 2, retaliatory headbutt
a: Renounce Religion, Depart the Abyss, Bend Space


You were on level 4 of the Dungeon.
You worshipped Lugonu.
Lugonu was pleased with you.
You visited 1 branch of the dungeon, and saw 4 of its levels.
You visited the Abyss 1 time.

You collected 178 gold pieces.

Inventory:

Hand Weapons
 a - a +1 mace (weapon)
 p - the +0 quarterstaff "Oveurh Enaor" {venom, SInv}
   (You found it on level 3 of the Dungeon)

   It poisons the flesh of those it strikes.
   SInv:      It lets you see invisible.
Armour
 b - a +0 leather armour
 j - a +1 hat (worn)
 m - a +0 ring mail
 q - a +0 chain mail (worn)
Jewellery
 f - a ring of resist corrosion (left hand)
 i - a +4 ring of slaying (right hand)
Wands
 o - a wand of paralysis (24)
Scrolls
 g - a scroll of teleportation {unknown}
 h - a scroll of identify {unknown}
 k - a scroll of magic mapping {unknown}
 l - a scroll of immolation {unknown}
Potions
 d - a potion of curing {unknown}
 e - 2 potions of heal wounds {unknown}
 n - a potion of flight {unknown}


   Skills:
 - Level 3.7 Fighting
 + Level 5.7 Maces & Flails
 - Level 2.4 Armour
 - Level 1.2 Dodging
 - Level 1.7 Invocations


You had 3 spell levels left.
You didn't know any spells.
Your spell library contained the following spells:

 Spells                   Type           Power      Damage    Failure   Level
 Chain Lightning          Conj/Air       0%         N/A       100%        9
 Fire Storm               Conj/Fire      0%         5d1       100%        9
 Shatter                  Erth           0%         3d5*      100%        9


Dungeon Overview and Level Annotations

Branches:
Dungeon (4/15)
 Temple: D:4-7

Altars:

Annotations:
D:4 Robin


Innate Abilities, Weirdness & Mutations

You have a pair of horns on your head.
You reflexively headbutt those who attack you in melee.


Message History

You finish putting on your +0 chain mail.
An ogre comes into view. It is wielding a +0 giant club.
The ogre shouts!
A quokka comes into view.
Found a scroll labelled PAIKLO HUSU.
Found a stone staircase leading up.
Found a ring mail.
Robin shouts!
The goblin shouts!
The quokka bites you but does no damage.
Found a scroll labelled OLUAM PEUXKIEVI.
The quokka bites you.
The quokka bites you but does no damage. x2
There is a stone staircase leading up here.
The quokka completely misses you.
You climb upwards.
There is a stone staircase leading down here.
You closely miss the quokka. You headbutt the quokka.
You kill the quokka!
Lugonu accepts your kill.
You start resting.
HP restored.
Welcome back, nickcage the Minotaur Abyssal Knight.
Lugonu says: Spread carnage and corruption!
Press ? for a list of commands and other information.
Done exploring.
You climb downwards.
Level annotation: Robin The ogre closely misses you.
There is a stone staircase leading up here.
It was a potion of haste.
You feel yourself speed up. The ogre hits you with a +0 giant club!
You hit the ogre.
The ogre is lightly wounded.
The ogre hits you with a +0 giant club!
* * * LOW HITPOINT WARNING * * *
You hit the ogre.
The ogre is moderately wounded.
You thump the ogre!
The ogre is heavily wounded.
The ogre hits you with a +0 giant club!
You die...

#.......#.#.#.......#
#...........#########
#########.### ...
##.# .....# #...#
...... .....# ....#
.?.[.?#######....#
.......#........#
.......@.......#
..#..###O.....## #
####..##ggg ###...##
gg ##...### #..#...##
#.###...##..#+
#.##.###.#...##
########.##.#
#....O.##


You could see an ogre.

Vanquished Creatures
  Ijyb (D:4)
  An adder (D:2)
  4 orcs (D:2)
  5 endoplasms
  2 giant cockroaches
  6 goblins
  5 hobgoblins
  4 jackals (D:3)
  5 kobolds
  5 quokkas
  2 ball pythons
  6 bats
  7 frilled lizards
  6 rats
59 creatures vanquished.

Notes
Turn   | Place    | Note
-------+----------+-------------------------------------------
     0 | Abyss:1  | nickcage the Minotaur Abyssal Knight began the quest for
                  | the Orb.
     0 | Abyss:1  | Reached XP level 1. HP: 19/19 MP: 1/1
    69 | Abyss:1  | Noticed a neqoxec
    70 | D:1      | Escaped the Abyss
   278 | D:1      | Reached skill level 3 in Maces & Flails
   446 | D:1      | Reached XP level 2. HP: 27/27 MP: 2/2
   508 | D:1      | Reached * piety under Lugonu
  1215 | D:2      | Reached skill level 4 in Maces & Flails
  1515 | D:2      | Reached XP level 3. HP: 32/33 MP: 3/3
  2089 | D:3      | Reached skill level 5 in Maces & Flails
  2110 | D:3      | Reached ** piety under Lugonu
  2316 | D:3      | Found a faded altar of an unknown god.
  2417 | D:3      | Reached XP level 4. HP: 40/40 MP: 4/4
  2479 | D:3      | Identified the +0 quarterstaff "Oveurh Enaor" {venom, SInv}
  2704 | D:4      | Noticed Ijyb
  2714 | D:4      | Killed Ijyb
  2797 | D:4      | Noticed an ogre
  2808 | D:4      | Noticed Robin
  2836 | D:4      | Mangled by an ogre

Illustrated notes

Levels and vault maps discovered:
D:1:      dpeg_arrival_court, layout_basic, amcnicky_mini_corridor_feature
D:2:      layout_basic, minmay_lizard_pond
D:3:      layout_loops_ring, ebering_ecumenical_altar_sacrificial
D:4:      layout_loops_cross, tso_metal_star, serial_shops, shop, uniq_robin,
          uniq_ijyb

Skill      XL: |  1  2  3 |
---------------+----------+-----
Maces & Flails | 3 4 5 |  5.7
Fighting       | |  3.7
Armour         | |  2.4
Dodging        | |  1.2
Invocations    | |  1.7

Action                   |  1- 3 |  4- 6 || total
-------------------------+-------+-------++-------
Melee: Mace              |    76 |    27 ||   103
       Headbutt          |     9 |     5 ||    14
Invok: Depart the Abyss  |     1 |       ||     1
  Use: Potion            |       |     1 ||     1
 Stab: Sleeping          |     3 |       ||     3
Armor: Leather armour    |    21 |       ||    21
       Ring mail         |     3 |    13 ||    16
       Chain mail        |       |     3 ||     3
Dodge: Dodged            |    44 |    11 ||    55
